Flyers vs Capitals

Created - January 8 2012 at 12:18

Goals
1 2 3 T
Flyers 2 1 3 6
Capitals 0 1 0 1
Shots
1 2 3 T
Flyers 7 7 16 30
Capitals 8 11 7 26

Period #1

1. Flyers , Justin Williams 20 (Chris Pronger, Tim Connolly) at 7:26
2. Flyers , Raffi Torres 10 (Kevin Bieksa) at 12:48 (PP)

Penalties :
Douglas Murray (WSH) for Holding (Minor) at 11:56, Trent Hunter (WSH) for Tripping (Minor) at 13:32, Douglas Murray (WSH) for Slashing (Minor) at 18:45

Period #2

3. Flyers , Radim Vrbata 13 (Brendan Morrison, Andrej Sekera) at 0:27 (PP)
4. Capitals , Alexander Semin 27 (Tomas Fleischmann, Jeff Halpern) at 0:41

Penalties :
Trent Hunter (WSH) for Tripping (Minor) at 8:05, Douglas Murray (WSH) for Holding (Minor) at 14:17, Marc Methot (WSH) for Hooking (Minor) at 15:21, Alexander Ovechkin (WSH) for Cross-checking (Minor) at 17:47

Period #3

5. Flyers , Tim Connolly 10 (Justin Williams, Chris Pronger) at 2:29 (PP)
6. Flyers , Justin Williams 21 (Kevin Bieksa, Kyle Brodziak) at 4:03
7. Flyers , Lee Stempniak 12 (Rostislav Klesla, John Madden) at 8:31

Penalties :
Ryane Clowe (WSH) for Cross-checking (Minor) at 1:47, Tomas Fleischmann (WSH) for Hooking (Minor) at 16:02, Douglas Murray (WSH) for High sticking (Minor) at 19:29

Goalie Stats

Tomas Vokoun (PHI), 25 saves from 26 shots - (0.962), W, 18-12-4, 60:00 minutes
Mike Smith (WSH), 12 saves from 14 shots - (0.857), 17:31 minutes
Jimmy Howard (WSH), 12 saves from 16 shots - (0.750), L, 26-13-1, 42:29 minutes

Players Stats

Flyers
Player Name              G  A  P  +/- PIM S  H  SB FO    MP 
------------------------------------------------------------
Andrei Markov            0  0  0   0  0   2  1  0  0/0   23 
Andrej Sekera            0  1  1   0  0   1  1  1  0/0   21 
Brandon McMillan         0  0  0   0  0   1  2  0  0/1   19 
Brendan Morrison         0  1  1   0  0   2  0  0  18/28 19 
Chris Pronger            0  2  2   2  0   3  3  2  0/0   21 
John Madden              0  1  1   0  0   1  0  0  10/22 16 
Justin Williams          2  1  3   2  0   5  0  0  1/2   21 
Kevin Bieksa             0  2  2   2  0   3  0  1  0/0   20 
Kyle Brodziak            0  1  1   2  0   1  3  0  0/1   21 
Lee Stempniak            1  0  1   0  0   2  2  0  0/0   16 
Niklas Hagman            0  0  0   0  0   0  0  0  0/0   4  
Nino Niederreiter        0  0  0   0  0   0  0  0  2/4   4  
Pascal Dupuis            0  0  0   0  0   1  4  0  0/1   16 
Radim Vrbata             1  0  1   0  0   2  2  0  1/2   19 
Raffi Torres             1  0  1   0  0   2  1  0  0/0   4  
Randy Jones              0  0  0   0  0   0  0  1  0/0   18 
Rostislav Klesla         0  1  1   0  0   2  1  0  0/0   17 
Tim Connolly             1  1  2   2  0   2  2  0  21/38 21 
Capitals
Player Name              G  A  P  +/- PIM S  H  SB FO    MP 
------------------------------------------------------------
Alexander Ovechkin       0  0  0  -1  2   5  4  0  0/2   22 
Alexander Semin          1  0  1   0  0   8  3  0  0/0   17 
Alexei Kovalev           0  0  0   0  0   1  0  0  0/0   4  
David Desharnais         0  0  0  -1  0   2  0  0  15/34 21 
Douglas Murray           0  0  0   0  8   1  1  0  0/0   19 
Jeff Halpern             0  1  1   0  0   0  1  0  15/31 21 
Kimmo Timonen            0  0  0  -1  0   0  0  3  0/0   23 
Marc Methot              0  0  0  -1  2   0  1  0  0/0   18 
Mathieu Perreault        0  0  0   0  0   0  0  0  0/0   0  
Matt Stajan              0  0  0  -1  0   0  0  0  14/26 16 
Mike Green               0  0  0  -1  0   0  1  0  0/0   19 
Ryan McDonagh            0  0  0  -1  0   0  0  0  0/0   15 
Ryane Clowe              0  0  0  -1  2   4  1  0  0/0   18 
Steve Eminger            0  0  0   0  0   0  0  0  0/0   4  
Taylor Hall              0  0  0  -1  0   2  0  0  1/1   16 
Tomas Fleischmann        0  1  1   0  2   2  2  0  0/1   14 
Trent Hunter             0  0  0  -1  4   0  10 0  1/4   15 
Willie Mitchell          0  0  0   0  0   1  0  1  0/0   21 

3 Stars

1 - Justin Williams (PHI)
2 - Tim Connolly (PHI)
3 - Chris Pronger (PHI)

Power Play

Flyers - 3 on 10 Attempt(s) - 30.00%
Capitals - 0 on 0 Attempt(s) - 0.00%

Penalty Kill

Flyers - 0 on 0 Attempt(s) - 0.00% - Score 0 goal in Penalty Kill
Capitals - 7 on 10 Attempt(s) - 70.00% - Score 0 goal in Penalty Kill

Game Notes

Mike Smith enters game at 2:29 of 3rd period
Chris Pronger is injured at 13:07 of 3rd period (Left Foot)

Finance

Level 1 -- Attendance: 4598 (70.74%) -- Ticket Income $459,800.00
Level 2 -- Attendance: 4137 (82.74%) -- Ticket Income $248,220.00
Level 3 -- Attendance: 2944 (84.11%) -- Ticket Income $103,040.00
Level 4 -- Attendance: 2672 (100.00%) -- Ticket Income $53,440.00
Luxury Box -- Attendance: 749 (74.90%) -- Ticket Income $149,800.00
Game was played at the Verizon Center
Total Attendance: 15100 (80.87%)
Total Ticket Income: $1,066,385.00
Other Income: $218,487.90
Total Income: $1,284,873.00


Play by Play

Period #1

0:01 of 1st period - Tim Connolly wins face-off versus Matt Stajan in neutral zone.
0:22 of 1st period - Icing by Tim Connolly.
0:23 of 1st period - Tim Connolly wins face-off versus Jeff Halpern in Flyers zone.
0:33 of 1st period - Shot by Willie Mitchell.
0:33 of 1st period - Stopped by Tomas Vokoun without a rebound.
0:34 of 1st period - Brendan Morrison wins face-off versus David Desharnais in Flyers zone.
0:41 of 1st period - Icing by Taylor Hall.
0:42 of 1st period - David Desharnais wins face-off versus John Madden in Capitals zone.
1:12 of 1st period - Shot by Taylor Hall.
1:12 of 1st period - Stopped by Tomas Vokoun without a rebound.
1:13 of 1st period - Brendan Morrison wins face-off versus Matt Stajan in Flyers zone.
1:19 of 1st period - Alexander Ovechkin is hit by Andrei Markov and loses puck.
2:40 of 1st period - Kevin Bieksa is hit by Tomas Fleischmann and loses puck.
3:22 of 1st period - Icing by David Desharnais.
3:23 of 1st period - David Desharnais wins face-off versus John Madden in Capitals zone.
3:23 of 1st period - Taylor Hall is hit by Pascal Dupuis and loses puck.
3:29 of 1st period - Off-side.
3:30 of 1st period - Matt Stajan wins face-off versus Brendan Morrison in neutral zone.
3:30 of 1st period - Alexander Ovechkin is hit by Brandon McMillan and loses puck.
3:54 of 1st period - Icing by Andrej Sekera.
3:55 of 1st period - David Desharnais wins face-off versus Brendan Morrison in Flyers zone.
3:55 of 1st period - David Desharnais is hit by Andrej Sekera.
4:00 of 1st period - Icing by Andrej Sekera.
4:01 of 1st period - Brendan Morrison wins face-off versus David Desharnais in Flyers zone.
4:07 of 1st period - Andrei Markov is hit by Trent Hunter and loses puck.
4:12 of 1st period - Shot by Radim Vrbata.
4:12 of 1st period - Deflect By Brendan Morrison.
4:12 of 1st period - Stopped by Jimmy Howard without a rebound.
4:13 of 1st period - Jeff Halpern wins face-off versus Pascal Dupuis in Capitals zone.
4:13 of 1st period - Jeff Halpern is hit by Lee Stempniak.
4:38 of 1st period - Douglas Murray is hit by Pascal Dupuis and loses puck.
6:53 of 1st period - Shot by Lee Stempniak.
6:53 of 1st period - Stopped by Jimmy Howard with a rebound.
6:56 of 1st period - Icing by Mike Green.
6:57 of 1st period - Matt Stajan wins face-off versus Tim Connolly in Capitals zone.
6:57 of 1st period - Kimmo Timonen is hit by Kyle Brodziak and loses puck.
7:15 of 1st period - Icing by Chris Pronger.
7:16 of 1st period - Tim Connolly wins face-off versus Jeff Halpern in Flyers zone.
7:26 of 1st period - Shot by Justin Williams.
7:26 of 1st period - Goal by Justin Williams - Flyers : 1 - Capitals : 0.
7:27 of 1st period - David Desharnais wins face-off versus John Madden in neutral zone.
7:42 of 1st period - Shot by David Desharnais.
7:42 of 1st period - Shot Misses the Net.
8:34 of 1st period - Icing by John Madden.
8:35 of 1st period - John Madden wins face-off versus Matt Stajan in Flyers zone.
9:19 of 1st period - Off-side.
9:20 of 1st period - Jeff Halpern wins face-off versus Tim Connolly in neutral zone.
10:08 of 1st period - Icing by Chris Pronger.
10:09 of 1st period - Tim Connolly wins face-off versus David Desharnais in Flyers zone.
10:09 of 1st period - Tim Connolly is hit by Trent Hunter.
10:16 of 1st period - Off-side.
10:17 of 1st period - Brendan Morrison wins face-off versus Trent Hunter in neutral zone.
10:22 of 1st period - Icing by Taylor Hall.
10:23 of 1st period - David Desharnais wins face-off versus Brandon McMillan in Capitals zone.
10:34 of 1st period - Brendan Morrison is hit by Trent Hunter and loses puck.
11:19 of 1st period - Brendan Morrison is hit by Alexander Ovechkin and loses puck.
11:24 of 1st period - Radim Vrbata is hit by Alexander Ovechkin and loses puck.
11:37 of 1st period - Shot by Alexander Ovechkin.
11:37 of 1st period - Stopped by Tomas Vokoun with a rebound.
11:41 of 1st period - Shot by Alexander Ovechkin.
11:41 of 1st period - Shot Misses the Net.
11:45 of 1st period - Shot by Alexander Ovechkin.
11:45 of 1st period - Deflect By Ryane Clowe.
11:45 of 1st period - Stopped by Tomas Vokoun without a rebound.
11:46 of 1st period - John Madden wins face-off versus Jeff Halpern in Flyers zone.
11:51 of 1st period - Douglas Murray is hit by Pascal Dupuis.
11:55 of 1st period - Shot by Rostislav Klesla.
11:55 of 1st period - Stopped by Jimmy Howard without a rebound.
11:56 of 1st period - Tim Connolly wins face-off versus Jeff Halpern in Capitals zone.
11:56 of 1st period - Minor Penalty to Douglas Murray for Holding.
11:57 of 1st period - Tim Connolly wins face-off versus David Desharnais in Capitals zone.
12:12 of 1st period - Alexander Ovechkin is hit by Kyle Brodziak and loses puck.
12:48 of 1st period - Shot by Raffi Torres.
12:48 of 1st period - Goal by Raffi Torres - Flyers : 2 - Capitals : 0.
12:49 of 1st period - John Madden wins face-off versus David Desharnais in neutral zone.
12:49 of 1st period - Pascal Dupuis is hit by Trent Hunter and loses puck.
12:53 of 1st period - Off-side.
12:54 of 1st period - John Madden wins face-off versus David Desharnais in neutral zone.
13:00 of 1st period - Lee Stempniak is hit by Marc Methot and loses puck.
13:32 of 1st period - Minor Penalty to Trent Hunter for Tripping.
13:33 of 1st period - Brendan Morrison wins face-off versus David Desharnais in Capitals zone.
13:46 of 1st period - Shot by Brendan Morrison.
13:46 of 1st period - Shot Misses the Net.
13:48 of 1st period - Shot by Kevin Bieksa.
13:48 of 1st period - Stopped by Jimmy Howard without a rebound.
13:49 of 1st period - Tim Connolly wins face-off versus Jeff Halpern in Capitals zone.
15:45 of 1st period - Shot by John Madden.
15:45 of 1st period - Stopped by Jimmy Howard without a rebound.
15:46 of 1st period - Matt Stajan wins face-off versus Nino Niederreiter in Capitals zone.
15:46 of 1st period - Matt Stajan is hit by Raffi Torres.
16:11 of 1st period - Shot by Matt Stajan.
16:11 of 1st period - Shot Misses the Net.
16:15 of 1st period - Shot by Alexander Ovechkin.
16:15 of 1st period - Stopped by Tomas Vokoun without a rebound.
16:16 of 1st period - David Desharnais wins face-off versus John Madden in Flyers zone.
16:29 of 1st period - Shot by Lee Stempniak.
16:29 of 1st period - Shot Misses the Net.
16:31 of 1st period - Shot by Pascal Dupuis.
16:31 of 1st period - Shot Misses the Net.
16:36 of 1st period - Icing by Marc Methot.
16:37 of 1st period - Tim Connolly wins face-off versus David Desharnais in Capitals zone.
16:44 of 1st period - Shot by Kyle Brodziak.
16:44 of 1st period - Shot Misses the Net.
16:52 of 1st period - Shot by Taylor Hall.
16:52 of 1st period - Shot Misses the Net.
17:04 of 1st period - Taylor Hall is hit by Tim Connolly and loses puck.
17:30 of 1st period - John Madden is hit by Alexander Semin and loses puck.
17:46 of 1st period - Icing by Douglas Murray.
17:47 of 1st period - Jeff Halpern wins face-off versus Radim Vrbata in Capitals zone.
17:52 of 1st period - Shot by Alexander Semin.
17:52 of 1st period - Stopped by Tomas Vokoun with a rebound.
18:00 of 1st period - Shot by Tomas Fleischmann.
18:00 of 1st period - Deflect By Alexander Semin.
18:00 of 1st period - Stopped by Tomas Vokoun without a rebound.
18:01 of 1st period - Brendan Morrison wins face-off versus Alexander Ovechkin in Flyers zone.
18:27 of 1st period - Shot by Ryane Clowe.
18:27 of 1st period - Deflect By Alexander Ovechkin.
18:27 of 1st period - Stopped by Tomas Vokoun without a rebound.
18:28 of 1st period - John Madden wins face-off versus Jeff Halpern in Flyers zone.
18:28 of 1st period - John Madden is hit by Jeff Halpern.
18:45 of 1st period - Minor Penalty to Douglas Murray for Slashing.
18:46 of 1st period - Jeff Halpern wins face-off versus Tim Connolly in Capitals zone.
19:18 of 1st period - Shot by Tim Connolly.
19:18 of 1st period - Shot Misses the Net.

Period #2

0:01 of 2nd period - Jeff Halpern wins face-off versus Kyle Brodziak in neutral zone.
0:23 of 2nd period - Shot by Chris Pronger.
0:23 of 2nd period - Stopped by Jimmy Howard without a rebound.
0:24 of 2nd period - Brendan Morrison wins face-off versus Jeff Halpern in Capitals zone.
0:27 of 2nd period - Shot by Brendan Morrison.
0:27 of 2nd period - Deflect By Radim Vrbata.
0:27 of 2nd period - Goal by Radim Vrbata - Flyers : 3 - Capitals : 0.
0:28 of 2nd period - Jeff Halpern wins face-off versus John Madden in neutral zone.
0:41 of 2nd period - Shot by Alexander Semin.
0:41 of 2nd period - Goal by Alexander Semin - Flyers : 3 - Capitals : 1.
0:42 of 2nd period - Brendan Morrison wins face-off versus David Desharnais in neutral zone.
0:53 of 2nd period - Shot by Taylor Hall.
0:53 of 2nd period - Shot Misses the Net.
2:02 of 2nd period - Icing by Mike Green.
2:03 of 2nd period - Matt Stajan wins face-off versus John Madden in Capitals zone.
2:03 of 2nd period - Matt Stajan is hit by Lee Stempniak.
2:57 of 2nd period - Icing by Tomas Fleischmann.
2:58 of 2nd period - Jeff Halpern wins face-off versus Brendan Morrison in Capitals zone.
3:03 of 2nd period - Shot by Tomas Fleischmann.
3:03 of 2nd period - Stopped by Tomas Vokoun without a rebound.
3:04 of 2nd period - Jeff Halpern wins face-off versus Tim Connolly in Flyers zone.
3:05 of 2nd period - Shot by Tomas Fleischmann.
3:05 of 2nd period - Deflect By Alexander Semin.
3:05 of 2nd period - Stopped by Tomas Vokoun without a rebound.
3:06 of 2nd period - Tim Connolly wins face-off versus Jeff Halpern in Flyers zone.
4:16 of 2nd period - Marc Methot is hit by Brandon McMillan and loses puck.
4:37 of 2nd period - Shot by Brendan Morrison.
4:37 of 2nd period - Shot Misses the Net.
5:36 of 2nd period - Shot by Alexander Ovechkin.
5:36 of 2nd period - Stopped by Tomas Vokoun without a rebound.
5:37 of 2nd period - Matt Stajan wins face-off versus Tim Connolly in Flyers zone.
5:48 of 2nd period - Shot by Justin Williams.
5:48 of 2nd period - Shot Misses the Net.
6:03 of 2nd period - Icing by Kevin Bieksa.
6:04 of 2nd period - Justin Williams wins face-off versus Jeff Halpern in Flyers zone.
6:23 of 2nd period - Tomas Fleischmann is hit by Chris Pronger and loses puck.
6:30 of 2nd period - Shot by Jeff Halpern.
6:30 of 2nd period - Deflect By Alexander Semin.
6:30 of 2nd period - Stopped by Tomas Vokoun without a rebound.
6:31 of 2nd period - David Desharnais wins face-off versus John Madden in Flyers zone.
6:45 of 2nd period - Icing by Rostislav Klesla.
6:46 of 2nd period - Matt Stajan wins face-off versus John Madden in Flyers zone.
6:49 of 2nd period - Shot by Alexander Ovechkin.
6:49 of 2nd period - Shot Misses the Net.
6:59 of 2nd period - Shot by Ryane Clowe.
6:59 of 2nd period - Shot Blocked by Randy Jones.
7:29 of 2nd period - Icing by Alexander Ovechkin.
7:30 of 2nd period - Matt Stajan wins face-off versus Brendan Morrison in Capitals zone.
7:59 of 2nd period - Icing by Brendan Morrison.
8:00 of 2nd period - Brendan Morrison wins face-off versus Trent Hunter in Flyers zone.
8:00 of 2nd period - Brendan Morrison is hit by Trent Hunter.
8:05 of 2nd period - Minor Penalty to Trent Hunter for Tripping.
8:06 of 2nd period - David Desharnais wins face-off versus Tim Connolly in Capitals zone.
8:25 of 2nd period - Shot by Andrei Markov.
8:25 of 2nd period - Stopped by Jimmy Howard without a rebound.
8:26 of 2nd period - Brendan Morrison wins face-off versus David Desharnais in Capitals zone.
8:35 of 2nd period - Shot by Andrej Sekera.
8:35 of 2nd period - Stopped by Jimmy Howard without a rebound.
8:36 of 2nd period - Tim Connolly wins face-off versus Jeff Halpern in Capitals zone.
8:37 of 2nd period - Shot by Chris Pronger.
8:37 of 2nd period - Stopped by Jimmy Howard without a rebound.
8:38 of 2nd period - Tim Connolly wins face-off versus Jeff Halpern in Capitals zone.
8:43 of 2nd period - Shot by Andrei Markov.
8:43 of 2nd period - Shot Blocked by Kimmo Timonen.
9:52 of 2nd period - Shot by Andrej Sekera.
9:52 of 2nd period - Shot Blocked by Willie Mitchell.
9:54 of 2nd period - Shot by Brendan Morrison.
9:54 of 2nd period - Stopped by Jimmy Howard without a rebound.
9:55 of 2nd period - Jeff Halpern wins face-off versus Tim Connolly in Capitals zone.
11:09 of 2nd period - Andrei Markov is hit by Douglas Murray and loses puck.
11:17 of 2nd period - Shot by Douglas Murray.
11:17 of 2nd period - Stopped by Tomas Vokoun without a rebound.
11:18 of 2nd period - Matt Stajan wins face-off versus Tim Connolly in Flyers zone.
11:27 of 2nd period - Shot by Alexander Ovechkin.
11:27 of 2nd period - Deflect By Alexei Kovalev.
11:27 of 2nd period - Stopped by Tomas Vokoun without a rebound.
11:28 of 2nd period - Matt Stajan wins face-off versus Brendan Morrison in Flyers zone.
11:29 of 2nd period - Shot by Alexander Ovechkin.
11:29 of 2nd period - Deflect By Ryane Clowe.
11:29 of 2nd period - Stopped by Tomas Vokoun without a rebound.
11:30 of 2nd period - Matt Stajan wins face-off versus Tim Connolly in Flyers zone.
11:35 of 2nd period - Shot by Ryane Clowe.
11:35 of 2nd period - Stopped by Tomas Vokoun without a rebound.
11:36 of 2nd period - Brendan Morrison wins face-off versus Matt Stajan in Flyers zone.
11:53 of 2nd period - Shot by Alexander Ovechkin.
11:53 of 2nd period - Shot Misses the Net.
12:00 of 2nd period - Icing by Andrei Markov.
12:01 of 2nd period - Brendan Morrison wins face-off versus David Desharnais in Flyers zone.
13:10 of 2nd period - Shot by Alexander Semin.
13:10 of 2nd period - Deflect By Tomas Fleischmann.
13:10 of 2nd period - Stopped by Tomas Vokoun without a rebound.
13:11 of 2nd period - John Madden wins face-off versus Matt Stajan in Flyers zone.
14:17 of 2nd period - Minor Penalty to Douglas Murray for Holding.
14:18 of 2nd period - David Desharnais wins face-off versus Brendan Morrison in Capitals zone.
14:42 of 2nd period - Shot by Radim Vrbata.
14:42 of 2nd period - Shot Misses the Net.
14:44 of 2nd period - Shot by Kevin Bieksa.
14:44 of 2nd period - Shot Misses the Net.
14:48 of 2nd period - Shot by Radim Vrbata.
14:48 of 2nd period - Stopped by Jimmy Howard without a rebound.
14:49 of 2nd period - David Desharnais wins face-off versus Tim Connolly in Capitals zone.
15:10 of 2nd period - Shot by Tim Connolly.
15:10 of 2nd period - Shot Misses the Net.
15:21 of 2nd period - Minor Penalty to Marc Methot for Hooking.
15:22 of 2nd period - Radim Vrbata wins face-off versus Jeff Halpern in Capitals zone.
15:27 of 2nd period - Shot by Kevin Bieksa.
15:27 of 2nd period - Shot Misses the Net.
16:36 of 2nd period - Icing by Chris Pronger.
16:37 of 2nd period - Tim Connolly wins face-off versus David Desharnais in Flyers zone.
17:03 of 2nd period - Shot by Alexander Ovechkin.
17:03 of 2nd period - Stopped by Tomas Vokoun without a rebound.
17:04 of 2nd period - David Desharnais wins face-off versus Tim Connolly in Flyers zone.
17:47 of 2nd period - Minor Penalty to Alexander Ovechkin for Cross-checking.
17:48 of 2nd period - David Desharnais wins face-off versus Brendan Morrison in Capitals zone.
18:58 of 2nd period - Icing by Andrei Markov.
18:59 of 2nd period - Tim Connolly wins face-off versus David Desharnais in Flyers zone.
18:59 of 2nd period - Tim Connolly is hit by Ryane Clowe.
19:14 of 2nd period - Icing by Kevin Bieksa.
19:15 of 2nd period - Jeff Halpern wins face-off versus Brendan Morrison in Flyers zone.
19:20 of 2nd period - Shot by Alexander Semin.
19:20 of 2nd period - Deflect By Jeff Halpern.
19:20 of 2nd period - Shot Blocked by Andrej Sekera.
19:24 of 2nd period - Shot by Alexander Semin.
19:24 of 2nd period - Shot Blocked by Kevin Bieksa.
19:40 of 2nd period - Douglas Murray is hit by Radim Vrbata and loses puck.

Period #3

0:01 of 3rd period - Tim Connolly wins face-off versus Matt Stajan in neutral zone.
0:24 of 3rd period - Shot by Chris Pronger.
0:24 of 3rd period - Stopped by Jimmy Howard without a rebound.
0:25 of 3rd period - Jeff Halpern wins face-off versus Brendan Morrison in Capitals zone.
0:25 of 3rd period - Jeff Halpern is hit by Radim Vrbata.
1:13 of 3rd period - Icing by Willie Mitchell.
1:14 of 3rd period - Tim Connolly wins face-off versus Jeff Halpern in Capitals zone.
1:19 of 3rd period - Shot by Tim Connolly.
1:19 of 3rd period - Shot Misses the Net.
1:22 of 3rd period - Icing by Alexander Semin.
1:23 of 3rd period - Jeff Halpern wins face-off versus John Madden in Capitals zone.
1:38 of 3rd period - Shot by Lee Stempniak.
1:38 of 3rd period - Shot Misses the Net.
1:47 of 3rd period - Minor Penalty to Ryane Clowe for Cross-checking.
1:48 of 3rd period - Taylor Hall wins face-off versus Tim Connolly in Capitals zone.
2:08 of 3rd period - Icing by Justin Williams.
2:09 of 3rd period - Tim Connolly wins face-off versus David Desharnais in Flyers zone.
2:29 of 3rd period - Shot by Tim Connolly.
2:29 of 3rd period - Goal by Tim Connolly - Flyers : 4 - Capitals : 1.
2:29 of 3rd period - Mike Smith enters game.
2:30 of 3rd period - John Madden wins face-off versus David Desharnais in neutral zone.
2:30 of 3rd period - Lee Stempniak is hit by Trent Hunter and loses puck.
2:59 of 3rd period - Shot by Taylor Hall.
2:59 of 3rd period - Deflect By David Desharnais.
2:59 of 3rd period - Stopped by Tomas Vokoun with a rebound.
3:27 of 3rd period - Shot by Brandon McMillan.
3:27 of 3rd period - Stopped by Mike Smith without a rebound.
3:28 of 3rd period - Matt Stajan wins face-off versus Justin Williams in Capitals zone.
3:30 of 3rd period - Icing by Kimmo Timonen.
3:31 of 3rd period - Matt Stajan wins face-off versus Tim Connolly in Capitals zone.
3:53 of 3rd period - Shot by Kyle Brodziak.
3:53 of 3rd period - Shot Blocked by Kimmo Timonen.
3:55 of 3rd period - Shot by Kyle Brodziak.
3:55 of 3rd period - Shot Misses the Net.
3:57 of 3rd period - Shot by Tim Connolly.
3:57 of 3rd period - Shot Blocked by Kimmo Timonen.
3:59 of 3rd period - Shot by Kyle Brodziak.
3:59 of 3rd period - Stopped by Mike Smith with a rebound.
4:03 of 3rd period - Shot by Justin Williams.
4:03 of 3rd period - Goal by Justin Williams - Flyers : 5 - Capitals : 1.
4:04 of 3rd period - Brendan Morrison wins face-off versus Jeff Halpern in neutral zone.
4:11 of 3rd period - Shot by Andrei Markov.
4:11 of 3rd period - Stopped by Mike Smith without a rebound.
4:12 of 3rd period - John Madden wins face-off versus Jeff Halpern in Capitals zone.
4:15 of 3rd period - Shot by Lee Stempniak.
4:15 of 3rd period - Shot Misses the Net.
4:27 of 3rd period - Shot by Alexander Semin.
4:27 of 3rd period - Stopped by Tomas Vokoun without a rebound.
4:28 of 3rd period - Brendan Morrison wins face-off versus Matt Stajan in Flyers zone.
4:42 of 3rd period - Icing by Steve Eminger.
4:43 of 3rd period - Matt Stajan wins face-off versus Tim Connolly in Capitals zone.
4:51 of 3rd period - Icing by Alexander Ovechkin.
4:52 of 3rd period - John Madden wins face-off versus Matt Stajan in Capitals zone.
5:03 of 3rd period - Shot by Pascal Dupuis.
5:03 of 3rd period - Stopped by Mike Smith without a rebound.
5:04 of 3rd period - Tim Connolly wins face-off versus Tomas Fleischmann in Capitals zone.
5:17 of 3rd period - Shot by Justin Williams.
5:17 of 3rd period - Shot Misses the Net.
5:22 of 3rd period - Alexander Semin is hit by Chris Pronger and loses puck.
5:27 of 3rd period - Shot by Alexander Semin.
5:27 of 3rd period - Stopped by Tomas Vokoun without a rebound.
5:28 of 3rd period - Brendan Morrison wins face-off versus David Desharnais in Flyers zone.
6:03 of 3rd period - Brendan Morrison is hit by Trent Hunter and loses puck.
6:45 of 3rd period - Shot by Alexander Ovechkin.
6:45 of 3rd period - Shot Misses the Net.
8:31 of 3rd period - Shot by Lee Stempniak.
8:31 of 3rd period - Goal by Lee Stempniak - Flyers : 6 - Capitals : 1.
8:32 of 3rd period - Matt Stajan wins face-off versus Nino Niederreiter in neutral zone.
8:35 of 3rd period - Raffi Torres is hit by Alexander Ovechkin and loses puck.
8:43 of 3rd period - Icing by Chris Pronger.
8:44 of 3rd period - Nino Niederreiter wins face-off versus Matt Stajan in Flyers zone.
9:19 of 3rd period - Shot by Ryane Clowe.
9:19 of 3rd period - Stopped by Tomas Vokoun without a rebound.
9:20 of 3rd period - David Desharnais wins face-off versus John Madden in Flyers zone.
9:49 of 3rd period - Shot by David Desharnais.
9:49 of 3rd period - Deflect By Taylor Hall.
9:49 of 3rd period - Shot Misses the Net.
10:14 of 3rd period - Kevin Bieksa is hit by Alexander Semin and loses puck.
11:08 of 3rd period - Radim Vrbata is hit by Alexander Semin and loses puck.
11:53 of 3rd period - Tomas Fleischmann is hit by Kyle Brodziak and loses puck.
12:03 of 3rd period - Off-side.
12:04 of 3rd period - Nino Niederreiter wins face-off versus Alexander Ovechkin in neutral zone.
12:10 of 3rd period - Chris Pronger is hit by Alexander Ovechkin and loses puck.
12:41 of 3rd period - Shot by Alexander Ovechkin.
12:41 of 3rd period - Shot Blocked by Chris Pronger.
12:43 of 3rd period - Shot by Kimmo Timonen.
12:43 of 3rd period - Shot Misses the Net.
12:50 of 3rd period - Alexander Ovechkin is hit by Chris Pronger and loses puck.
13:07 of 3rd period - Shot by David Desharnais.
13:07 of 3rd period - Deflect By Taylor Hall.
13:07 of 3rd period - Shot Blocked by Chris Pronger.
13:07 of 3rd period - Chris Pronger from Flyers is injured at 13:07 of 3rd period (Left Foot).
13:08 of 3rd period - David Desharnais wins face-off versus John Madden in Flyers zone.
13:14 of 3rd period - Taylor Hall is hit by Rostislav Klesla and loses puck.
13:19 of 3rd period - Shot by David Desharnais.
13:19 of 3rd period - Stopped by Tomas Vokoun without a rebound.
13:20 of 3rd period - David Desharnais wins face-off versus Tim Connolly in Flyers zone.
13:29 of 3rd period - Shot by Taylor Hall.
13:29 of 3rd period - Stopped by Tomas Vokoun without a rebound.
13:30 of 3rd period - Tim Connolly wins face-off versus Matt Stajan in Flyers zone.
13:36 of 3rd period - Icing by Randy Jones.
13:37 of 3rd period - Tim Connolly wins face-off versus Trent Hunter in Flyers zone.
13:37 of 3rd period - Justin Williams is hit by Trent Hunter and loses puck.
13:45 of 3rd period - Icing by Justin Williams.
13:46 of 3rd period - Tim Connolly wins face-off versus Matt Stajan in Flyers zone.
14:03 of 3rd period - Shot by Justin Williams.
14:03 of 3rd period - Stopped by Mike Smith without a rebound.
14:04 of 3rd period - Trent Hunter wins face-off versus John Madden in Capitals zone.
14:49 of 3rd period - Kimmo Timonen is hit by Pascal Dupuis and loses puck.
15:10 of 3rd period - Icing by Mike Green.
15:11 of 3rd period - Tim Connolly wins face-off versus Matt Stajan in Capitals zone.
15:11 of 3rd period - Tim Connolly is hit by Mike Green.
15:19 of 3rd period - Shot by Justin Williams.
15:19 of 3rd period - Deflect By Tim Connolly.
15:19 of 3rd period - Shot Misses the Net.
15:55 of 3rd period - Shot by Tomas Fleischmann.
15:55 of 3rd period - Shot Misses the Net.
16:02 of 3rd period - Minor Penalty to Tomas Fleischmann for Hooking.
16:03 of 3rd period - Brendan Morrison wins face-off versus David Desharnais in Capitals zone.
17:04 of 3rd period - Shot by Justin Williams.
17:04 of 3rd period - Shot Misses the Net.
17:06 of 3rd period - Shot by Rostislav Klesla.
17:06 of 3rd period - Stopped by Mike Smith without a rebound.
17:07 of 3rd period - Jeff Halpern wins face-off versus Tim Connolly in Capitals zone.
17:26 of 3rd period - Shot by Tim Connolly.
17:26 of 3rd period - Stopped by Mike Smith with a rebound.
17:28 of 3rd period - Shot by Andrei Markov.
17:28 of 3rd period - Shot Misses the Net.
17:32 of 3rd period - Shot by Justin Williams.
17:32 of 3rd period - Stopped by Mike Smith without a rebound.
17:33 of 3rd period - Brendan Morrison wins face-off versus David Desharnais in Capitals zone.
17:34 of 3rd period - Shot by Kevin Bieksa.
17:34 of 3rd period - Stopped by Mike Smith without a rebound.
17:35 of 3rd period - Brendan Morrison wins face-off versus David Desharnais in Capitals zone.
17:46 of 3rd period - Shot by Kevin Bieksa.
17:46 of 3rd period - Stopped by Mike Smith without a rebound.
17:47 of 3rd period - Jeff Halpern wins face-off versus Brendan Morrison in Capitals zone.
18:04 of 3rd period - Shot by Raffi Torres.
18:04 of 3rd period - Stopped by Mike Smith with a rebound.
18:12 of 3rd period - Andrej Sekera is hit by Trent Hunter and loses puck.
18:28 of 3rd period - Andrej Sekera is hit by Trent Hunter and loses puck.
18:59 of 3rd period - Shot by Justin Williams.
18:59 of 3rd period - Stopped by Mike Smith without a rebound.
19:00 of 3rd period - John Madden wins face-off versus Jeff Halpern in Capitals zone.
19:11 of 3rd period - Shot by Alexander Semin.
19:11 of 3rd period - Stopped by Tomas Vokoun with a rebound.
19:16 of 3rd period - Pascal Dupuis is hit by Tomas Fleischmann and loses puck.
19:29 of 3rd period - Minor Penalty to Douglas Murray for High sticking.
19:30 of 3rd period - Jeff Halpern wins face-off versus Tim Connolly in Capitals zone.
19:30 of 3rd period - Jeff Halpern is hit by Tim Connolly.


Output by the SimonT Hockey Simulator (STHS) for Stephane Roy -- Original Page W3C XHTML 1.0 Valid